[Event "*** Titled Tuesday Blitz"]
[Site "Chess.com"]
[Date "2019.07.02"]
[Round "2"]
[White "Kirill_Klukin"]
[Black "ehrenfeld"]
[Result "1-0"]
[WhiteElo "2634"]
[BlackElo "2553"]
[TimeControl "180+2"]
[EndTime "13:18:55 PDT"]
[Termination "Kirill_Klukin won by resignation"]

1. d4 Nf6 2. Nf3 e6 3. g3 b5 4.
Bg2 Bb7 5. O-O c5 6. c3 Na6 7. Bg5 Be7 8. Nbd2 O-O 9. a4 b4 10. Bxf6 Bxf6 11. e4 Be7 12. Qe2 bxc3 13. bxc3 cxd4 14.
cxd4 Nb4 15. Rfc1 Ba6 16. Qe3 Rb8 17. Ne5 d6 18. Nc6 Nxc6 19. Rxc6 Qd7 20. Rxa6 1-0

[Event "*** Titled Tuesday Blitz"]
[Site "Chess.com"]
[Date "2019.07.02"]
[Round "2"]
[White "FrenchMonster2002"]
[Black "NemtsevIgor"]
[Result "1-0"]
[WhiteElo "2440"]
[BlackElo "2292"]
[TimeControl "180+2"]
[EndTime "13:19:13 PDT"]
[Termination "FrenchMonster2002 won by checkmate"]

1. e4 c6 2. Nc3 d5 3. Nf3 Bg4 4. h3 Bxf3 5. Qxf3 e6 6. d3 Nf6 7. Bd2 Bc5 8. g4 O-O 9. g5 Nfd7 10. h4 b5 11. h5 b4 12. Ne2 a5 13. Bh3 a4 14. g6 fxg6 15. Bxe6+ Kh8 16. hxg6 Nf6 17. Qxf6 h6 18. Rxh6# 1-0

[Event "*** Titled Tuesday Blitz"]
[Site "Chess.com"]
[Date "2019.07.02"]
[Round "2"]
[White "bluejay1897"]
[Black "FranciscodelaF"]
[Result "1-0"]
[WhiteElo "2261"]
[BlackElo "2255"]
[TimeControl "180+2"]
[EndTime "13:19:16 PDT"]
[Termination "bluejay1897 won by resignation"]

1. Nf3 d5 2. g3 Bg4 3. Bg2 Nd7 4. d4 e6 5. O-O Ngf6 6. c4 c6 7. Nbd2 Be7 8. Re1 O-O 9. e4 dxe4 10. Nxe4 Nxe4 11. Rxe4 Bf5 12. Re1 Bf6 13. Be3 Nb6 14. Rc1 Qc7 15. Bf4 Qe7 16. c5 Nd5 17. Bd6 Qd7 18.
Bxf8 Kxf8 19. Ne5 Qc7 20. a3 Rd8 21. Nc4 b5 22. Nd6 Bg6 23. Bxd5 exd5 24. Qe2 Be7 25. Qe5 Bxd6 26. cxd6 Qxd6 27. Qxd6+ Rxd6 28. Re3 Be4 29. Rec3 c5 30. Rxc5 a6 31. Rc8+ Ke7 32. R1c7+ Kf6 33.
Rc6 Ke7 34. Rxd6 Kxd6 35. Ra8 Ke6 36. Rxa6+ Kf5 37. Rb6 Bd3 38. f3 g5 39. Kf2 g4 40. Rh6 gxf3 41. Rxh7 Ke4 42. Rh4+ Kf5 43. Kxf3 Kg5 44. Ke3 1-0

[Event "*** Titled Tuesday Blitz"]
[Site "Chess.com"]
[Date "2019.07.02"]
[Round "2"]
[White "TST2014"]
[Black "mitrabhaa"]
[Result "1-0"]
[WhiteElo "2564"]
[BlackElo "2722"]
[TimeControl "180+2"]
[EndTime "13:19:33 PDT"]
[Termination "TST2014 won by resignation"]

1. d4 Nf6 2. c4 c5 3. d5 b5 4. cxb5 a6 5. bxa6 Bxa6 6. Nc3 g6 7. e4 Bxf1 8. Kxf1 d6 9. g3 Bg7 10. Kg2 O-O 11. Nf3 Na6 12. Qe2 Nd7 13. h4 h5 14.
Bg5 Re8 15. Nd2 Qc7 16. Nc4 Ne5 17. Nxe5 Bxe5 18. g4 f6 19. Bd2 Kh7 20. gxh5 Rg8 21.
f4 Bd4 22. hxg6+ Rxg6+ 23. Kh3 Rag8 24. Qh5+ Kg7 25. f5 Kf7 26. fxg6+ Rxg6 27. Qh7+ Rg7 28.
Qh5+ Kf8 29. Bh6 Qa7 1-0

[Event "*** Titled Tuesday Blitz"]
[Site "Chess.com"]
[Date "2019.07.02"]
[Round "2"]
[White "CMS13"]
[Black "ShiningDiamond"]
[Result "1-0"]
[WhiteElo "2058"]
[BlackElo "1587"]
[TimeControl "180+2"]
[EndTime "13:19:35 PDT"]
[Termination "CMS13 won by checkmate"]

1. e4 c5 2. Nc3 Nc6 3. Bb5 g6 4. Bxc6 bxc6 5. d3 Bg7 6. f4 d6 7. Nf3 Nf6 8. O-O O-O 9. Qe1 d5 10. e5 Ne8 11. b3 Nc7 12. Na4 Ne6 13. c4 dxc4 14. dxc4 f6 15. Be3 fxe5 16. fxe5 Rxf3 17. Rxf3 Bxe5 18. Rd1 Bd4 19. Nxc5 Nxc5 20. Bxd4 Nd7 21. Qe6# 1-0

[Event "*** Titled Tuesday Blitz"]
[Site "Chess.com"]
[Date "2019.07.02"]
[Round "2"]
[White "MehdiHosseinipour"]
[Black "gmmoranda"]
[Result "1-0"]
[WhiteElo "2586"]
[BlackElo "2775"]
[TimeControl "180+2"]
[EndTime "13:19:54 PDT"]
[Termination "MehdiHosseinipour won by resignation"]

1. e4 c5 2. Nf3 d6 3. d4 cxd4 4.
Nxd4 Nf6 5. Nc3 a6 6. Be2 e6 7.
O-O Be7 8. f4 Qc7 9. Bf3 Nc6 10.
Be3 O-O 11. a4 Bd7 12. Nb3 b6 13. g4 Bc8 14. g5 Nd7 15. Bg2 Bb7 16. Rf3 Rfe8 17.
Rh3 Nf8 18. Qh5 Na5 19. Nxa5 bxa5 20. Rf1 Rab8 21. Rf2 Ba8 22. f5 Rxb2 23. fxe6 Qxc3 1-0

[Event "*** Titled Tuesday Blitz"]
[Site "Chess.com"]
[Date "2019.07.02"]
[Round "2"]
[White "Superfelix"]
[Black "SubrotaBiswas"]
[Result "1-0"]
[WhiteElo "2346"]
[BlackElo "2496"]
[TimeControl "180+2"]
[EndTime "13:20:06 PDT"]
[Termination "Superfelix won by resignation"]

1. e4 e5 2. Nf3 Nc6 3. d4 exd4 4. Nxd4 Nf6 5. Nc3 Bb4 6. Nxc6 bxc6 7. Bd3 d5 8. exd5 O-O 9. O-O cxd5 10. h3 c6 11. Qf3 Bd6 12. Bf4 Be6 13. Rfe1 Re8 14. Bxd6 Qxd6 15. Qg3 Qxg3 16. fxg3 c5 17. b3 c4 18.
bxc4 dxc4 19. Bf1 Bf5 20. Bxc4 Rac8 21. Rxe8+ Nxe8 22. Nd5 Kf8 23. Bb3 Nd6 24. Ne3 Be4 25.
Rd1 Ke7 26. Nd5+ Ke6 27. Nb6+ Ke5 28. Nxc8 Nxc8 29. Bxf7 Bxc2 30. Rc1 Nd6 31. Rxc2 Nxf7 32. Rc7 Nd6 33. Rxa7 Nf5 34. Ra5+ 1-0

[Event "*** Titled Tuesday Blitz"]
[Site "Chess.com"]
[Date "2019.07.02"]
[Round "2"]
[White "KhazarBabazada"]
[Black "Agent-JL"]
[Result "1-0"]
[WhiteElo "2657"]
[BlackElo "2368"]
[TimeControl "180+2"]
[EndTime "13:20:20 PDT"]
[Termination "KhazarBabazada won by resignation"]

1. e4 c5 2. Nf3 e6 3. d4 cxd4 4.
Nxd4 Nc6 5. Nc3 Qc7 6. Nxc6 bxc6 7. Bd3 d5 8. O-O Nf6 9. Qe2 Be7 10. e5 Nd7 11. Bf4 O-O 12. Bg3 Rb8 13. Rab1 Nc5 14. f4 a5 15. f5 Nxd3 16. f6 Bc5+ 17. Kh1 Nxb2 18. Rxb2 Rxb2 19. Na4 Ba3 20. Nxb2 Bxb2 21. c4 Ba3 22. Qe3 Be7 23. Qg5 g6 24. Qh6 1-0

[Event "*** Titled Tuesday Blitz"]
[Site "Chess.com"]
[Date "2019.07.02"]
[Round "2"]
[White "LucaBrasi1968"]
[Black "Natalya_Buksa"]
[Result "0-1"]
[WhiteElo "2409"]
[BlackElo "2453"]
[TimeControl "180+2"]
[EndTime "13:20:30 PDT"]
[Termination "Natalya_Buksa won by resignation"]

1. d4 d5 2. Nf3 Nf6 3. Bg5 Ne4 4. Bf4 c5 5. c3 Nc6 6. e3 g6 7. Nbd2 Nf6 8. h3 Bg7 9. Bd3 Nd7 10. O-O O-O 11.
Bg3 e5 12. dxe5 Ndxe5 13. Be2 Qb6 14. Qb3 Bf5 15. Nxe5 Nxe5 16. Bxe5 Bxe5 17. Qxd5 Rad8 18. Qxe5 Rxd2 19. Bc4 Qxb2 20. Rab1 Bxb1 0-1

[Event "*** Titled Tuesday Blitz"]
[Site "Chess.com"]
[Date "2019.07.02"]
[Round "2"]
[White "WilliamSchill"]
[Black "Bagirova"]
[Result "0-1"]
[WhiteElo "1954"]
[BlackElo "1903"]
[TimeControl "180+2"]
[EndTime "13:20:34 PDT"]
[Termination "Bagirova won by resignation"]

1. e4 c5 2. Nf3 d6 3. d4 cxd4 4. Nxd4 Nf6 5. Nc3 a6 6. Bg5 e6 7. f4 Be7 8. Qf3 Qc7 9. O-O-O O-O 10. g4 Nc6 11. Nxc6 bxc6 12. Bxf6 Bxf6 13. g5 Be7 14. h4 d5 15. e5 c5 16. h5 Rb8 17.
Rd2 d4 18. Ne4 Qa5 19. a3 Bb7 20. g6 Bxe4 21. Qxe4 Rxb2 22. Kxb2 Qxd2 23. gxh7+ Kh8 24. Qd3 Rb8+ 25. Ka2 Qc1 0-1

[Event "*** Titled Tuesday Blitz"]
[Site "Chess.com"]
[Date "2019.07.02"]
[Round "2"]
[White "Sanyura"]
[Black "Walter_White_Poland"]
[Result "1-0"]
[WhiteElo "2445"]
[BlackElo "2295"]
[TimeControl "180+2"]
[EndTime "13:20:37 PDT"]
[Termination "Sanyura won by resignation"]

1. Nf3 c5 2. e4 Nc6 3. d4 cxd4 4. Nxd4 Nf6 5. Nc3 e5 6. Ndb5 d6 7. Nd5 Nxd5 8. exd5 Nb8 9. a4 Be7 10. Be2 O-O 11. O-O f5 12. a5 Nd7 13. f4 exf4 14.
Bxf4 Nc5 15. Nd4 Bf6 16. c3 Qe8 17. Bf3 g5 18. Bxd6 Qe3+ 19. Kh1 Nd3 20. Bxf8 Kxf8 21. Qe2 Qxe2 22. Bxe2 Nxb2 23. Nxf5 Bxc3 24. Rac1 Be5 25.
d6 Bd7 26. Rc7 Rd8 27. Ne3+ Kg8 28. Nc4 Nxc4 29. Bxc4+ Kh8 30. Rf7 1-0

[Event "*** Titled Tuesday Blitz"]
[Site "Chess.com"]
[Date "2019.07.02"]
[Round "2"]
[White "Lunaticx"]
[Black "theblitzchamp"]
[Result "1-0"]
[WhiteElo "2864"]
[BlackElo "2637"]
[TimeControl "180+2"]
[EndTime "13:20:41 PDT"]
[Termination "Lunaticx won by checkmate"]

1. e4 e5 2. Nf3 Nc6 3. Bb5 a6 4. Ba4 Nge7 5. O-O g6 6. c3 Bg7 7. d4 exd4 8. cxd4 b5 9. Bc2 d6 10. d5 Na5 11. Bd2 Nc4 12. Bc3 O-O 13. Bb3 Ne5 14.
Nxe5 dxe5 15. a4 Bb7 16. Bb4 Re8 17. Nc3 Qd7 18. Qe2 c6 19. d6 Nc8 20. a5 Nxd6 21.
Rad1 Bf8 22. Rxd6 Bxd6 23. Rd1 Qc7 24. Bxd6 Qxa5 25. Qf3 Rf8 26. Bxf8 Rxf8 27. Rd7 Qa1+ 28. Nd1 Qa5 29. Bxf7+ Kg7 30. Be6+ Kh6 31. Qh3+ Kg5 32. Qg3+ Kh6 33. Qh4# 1-0

[Event "*** Titled Tuesday Blitz"]
[Site "Chess.com"]
[Date "2019.07.02"]
[Round "2"]
[White "julinha97"]
[Black "XiaoKangZhong"]
[Result "1-0"]
[WhiteElo "2217"]
[BlackElo "2240"]
[TimeControl "180+2"]
[EndTime "13:20:42 PDT"]
[Termination "julinha97 won by resignation"]

1. e4 c5 2. Nf3 e6 3. d4 cxd4 4. Nxd4 Nc6 5. Nc3 Qc7 6. Be3 a6 7. Qf3 Ne5 8. Qg3 h5 9. f3 h4 10.
Qf2 Nf6 11. O-O-O Nc4 12. Bxc4 Qxc4 13. e5 Nd5 14. Nxd5 Qxd5 15. Kb1 Qxe5 16. f4 Qa5 17. f5 Be7 18. Rhf1 O-O 19. g4 hxg3 20. hxg3 b5 21. Rh1 f6 22. Qh2 Bc5 23. fxe6 dxe6 24. Qh7+ Kf7 25. Qh5+ 1-0

[Event "*** Titled Tuesday Blitz"]
[Site "Chess.com"]
[Date "2019.07.02"]
[Round "2"]
[White "GuerrieroFromLevant"]
[Black "Olga_Zhuravleva"]
[Result "1-0"]
[WhiteElo "2231"]
[BlackElo "2124"]
[TimeControl "180+2"]
[EndTime "13:20:44 PDT"]
[Termination "GuerrieroFromLevant won by resignation"]

1. e4 e5 2. Nf3 Nc6 3. Bc4 Nf6 4. d3 d5 5. exd5 Nxd5 6. O-O Bc5 7. Re1 O-O 8. Nc3 Nb6 9. Bb5 Bg4 10. Bxc6 bxc6 11. h3 Bxf3 12. Qxf3 Qf6 13. Qxf6 gxf6 14. Ne4 Be7 15.
Bh6 Rfe8 16. Ng3 Nd5 17. Nf5 Rab8 18. c4 Nb4 19. Rad1 Bc5 20. Rd2 Bf8 21. Be3 c5 22. a3 Nc6 23. f3 Red8 24. Bf2 Rb3 25. Re4 Rbxd3 26. Rg4+ Kh8 27. Bh4 1-0

[Event "*** Titled Tuesday Blitz"]
[Site "Chess.com"]
[Date "2019.07.02"]
[Round "2"]
[White "petrpalachev"]
[Black "vanea_03"]
[Result "1-0"]
[WhiteElo "2779"]
[BlackElo "2674"]
[TimeControl "180+2"]
[EndTime "13:20:49 PDT"]
[Termination "petrpalachev won by resignation"]

1. d4 Nf6 2. c4 e6 3. Nc3 d5 4. Nf3 dxc4 5. e4 b5 6. e5 Nd5 7.
Nxb5 Nb6 8. Be2 Be7 9. O-O O-O 10. Qd2 Nc6 11. Rd1 Rb8 12. Nc3 Nb4 13. Qf4 Bb7 14.
Qg3 Kh8 15. Qh3 N6d5 16. Bxc4 Nc2 17. Rb1 Na3 18. Bd3 g6 19. Nxd5 Nxb1 20. Nxe7 Qxe7 21. Bg5 f6 22. Bxf6+ Rxf6 23. exf6 Qxf6 24. Bxb1 Bd5 25. b3 Rf8 26. Qg3 Kg8 27. Ne5 Qe7 28. h4 Kg7 29. Rc1 Rc8 30. Ng4 h5 31. Ne5 1-0

[Event "*** Titled Tuesday Blitz"]
[Site "Chess.com"]
[Date "2019.07.02"]
[Round "2"]
[White "evgenyermolaev"]
[Black "Micki-taryan"]
[Result "0-1"]
[WhiteElo "2485"]
[BlackElo "2954"]
[TimeControl "180+2"]
[EndTime "13:21:02 PDT"]
[Termination "Micki-taryan won by resignation"]

1. e4 c5 2. Nf3 Nc6 3. Bb5 e6 4.
O-O Nge7 5. Re1 a6 6. Bxc6 Nxc6 7. d4 cxd4 8. Nxd4 d6 9. Nc3 Be7 10. Be3 O-O 11. f4 Bd7 12. Qf3 b5 13. Rad1 b4 14.
Nce2 Qa5 15. e5 Nxd4 16. Nxd4 dxe5 17. Nb3 Qc7 18. fxe5 Bc6 19. Qg3 Rfd8 20. Bg5 Bxg5 21. Qxg5 h6 22. Qg3 a5 23. Nd4 Rd5 24. Nxc6 Qxc6 25. Rxd5 Qxd5 26. Qb3 Qd4+ 27. Kh1 Rd8 28. h3 Qf2 29. Rc1 Rd2 30. Qf3 Qxf3 31. gxf3 Kf8 32. a3 Ke7 33. axb4 axb4 34. c4 Rxb2 35. c5 b3 36. c6 Rc2 37. Rb1 b2 38. c7 Kd7 0-1

[Event "*** Titled Tuesday Blitz"]
[Site "Chess.com"]
[Date "2019.07.02"]
[Round "2"]
[White "INLOVEWITHF"]
[Black "BillieKimbah"]
[Result "0-1"]
[WhiteElo "2378"]
[BlackElo "2761"]
[TimeControl "180+2"]
[EndTime "13:21:10 PDT"]
[Termination "BillieKimbah won by resignation"]

1. e4 c5 2. Nf3 d6 3. d4 cxd4 4. Nxd4 Nf6 5. Nc3 a6 6. Bg5 Nbd7 7. Qe2 h6 8. Bh4 e6 9. f4 Qc7 10. O-O-O b5 11. a3 Bb7 12. g4 Be7 13. Bg2 g5 14. fxg5 hxg5 15. Bxg5 Ne5 16. Nf3 Nfxg4 17. Bxe7 Qxe7 18.
Kb1 O-O-O 19. Nd4 Kb8 20. h3 Nf6 21. Qf2 Rc8 22. Rhf1 Nfd7 23. Nb3 Rxc3 24. bxc3 Rc8 25. Qd4 Nc4 26. Ka2 d5 27. Nc5 Rxc5 28. Qh8+ Rc8 0-1

[Event "*** Titled Tuesday Blitz"]
[Site "Chess.com"]
[Date "2019.07.02"]
[Round "2"]
[White "dcremisi"]
[Black "sandager"]
[Result "1-0"]
[WhiteElo "2245"]
[BlackElo "2138"]
[TimeControl "180+2"]
[EndTime "13:21:12 PDT"]
[Termination "dcremisi won by resignation"]

1. d4 Nf6 2. c4 g6 3. Nc3 d5 4.
cxd5 Nxd5 5. e4 Nxc3 6. bxc3 Bg7 7. Nf3 c5 8. Rb1 O-O 9. Be3 Nc6 10. d5 Ne5 11. Nxe5 Bxe5 12. Qd2 Qa5 13. Rb5 Qxc3 14. Rxc5 Qa1+ 15. Rc1 Qb2 16. f4 Qxd2+ 17. Kxd2 Bd6 18. e5 Bb4+ 19. Kd3 Bf5+ 20. Kd4 b6 21. Bd3 Bc5+ 22. Rxc5 bxc5+ 23. Kc4 Bxd3+ 24. Kxd3 Rfc8 25. Rc1 Rab8 26. Rxc5 Rxc5 27. Bxc5 Rb2 28. Bxe7 Rb7 29. d6 h5 30. Ke4 a5 31. Kd5 1-0

[Event "*** Titled Tuesday Blitz"]
[Site "Chess.com"]
[Date "2019.07.02"]
[Round "2"]
[White "IMAghasiyevKamal"]
[Black "dopolian"]
[Result "1-0"]
[WhiteElo "2533"]
[BlackElo "2346"]
[TimeControl "180+2"]
[EndTime "13:21:13 PDT"]
[Termination "IMAghasiyevKamal won by resignation"]

1. e4 e5 2. Nf3 Nc6 3. Bb5 a6 4. Ba4 Nf6 5. O-O Nxe4 6. d4 b5 7. Bb3 d5 8. dxe5 Be6 9. Qe2 Na5 10. Rd1 c6 11. Nd4 Be7 12. Nxe6 fxe6 13. Qg4 Qd7 14. Nd2 Nxd2 15. Bxd2 Nxb3 16. Qxg7 O-O-O 17. axb3 Kb7 18. Be3 Rdg8 19. Qf7 Rf8 20. Qh5 Rf5 21. Qg4 h5 22. Qg6 Bd8 23. b4 Rh7 24. Rxa6 Kxa6 25. Ra1+ Kb7 26.
Ra7+ Kc8 27. Rxd7 Kxd7 28. Qxh7+ 1-0

[Event "*** Titled Tuesday Blitz"]
[Site "Chess.com"]
[Date "2019.07.02"]
[Round "2"]
[White "diskeleven"]
[Black "Mykola-Bortnyk"]
[Result "0-1"]
[WhiteElo "2376"]
[BlackElo "2916"]
[TimeControl "180+2"]
[EndTime "13:21:16 PDT"]
[Termination "Mykola-Bortnyk won by resignation"]

1. d4 Nf6 2. c4 g6 3. Nc3 Bg7 4. e4 d6 5. f3 c5 6. d5 e6 7.
Nge2 O-O 8. Ng3 exd5 9. cxd5 a6 10. a4 Nbd7 11. Be2 h5 12. Bg5 Qa5 13. O-O Nh7 14.
Be3 h4 15. Nh1 f5 16. Qd2 Ndf6 17. Nf2 Nh5 18. Bh6 Qc7 19. Bxg7 Qxg7 20. Nd3 Qd4+ 21. Kh1 c4 22. Qh6 cxd3 23. Qxg6+ Ng7 24. Rfd1 Rf6 25. Rxd3 Qe5 26. f4 Qe7 27. exf5 Bxf5 0-1

[Event "*** Titled Tuesday Blitz"]
[Site "Chess.com"]
[Date "2019.07.02"]
[Round "2"]
[White "lionheart95"]
[Black "FelixBlohberger"]
[Result "1-0"]
[WhiteElo "2423"]
[BlackElo "2527"]
[TimeControl "180+2"]
[EndTime "13:21:19 PDT"]
[Termination "lionheart95 won by resignation"]

1. d4 Nf6 2. c4 g6 3. Nf3 Bg7 4.
g3 O-O 5. Bg2 c6 6. O-O d5 7.
cxd5 cxd5 8. Ne5 Nc6 9. Nxc6 bxc6 10. Nc3 Nd7 11. Be3 Rb8 12. Na4 Qa5 13. Rc1 Qa6 14. b3 Rd8 15. Bf4 Rb4 16. e3 e5 17. dxe5 Nxe5 18. Qd2 Nd3 19. Nc5 Nxc5 20. Qxb4 Nd3 21. Qe7 Rd7 22. Qe8+ Bf8 23. Bh6 Qa3 24. Qxc8 Nxc1 1-0

[Event "*** Titled Tuesday Blitz"]
[Site "Chess.com"]
[Date "2019.07.02"]
[Round "2"]
[White "Spring199"]
[Black "CalinGheorghiu"]
[Result "0-1"]
[WhiteElo "2191"]
[BlackElo "2280"]
[TimeControl "180+2"]
[EndTime "13:21:40 PDT"]
[Termination "CalinGheorghiu won by resignation"]

1. d4 Nf6 2. c4 e6 3. Nf3 d5 4. g3 Be7 5. Bg2 O-O 6. O-O dxc4 7. Qc2 b6 8. Qxc4 Bb7 9. Nbd2 Nbd7 10. Re1 c5 11. e4 Rc8 12. Qa4 cxd4 13. Nxd4 Nc5 14. Qxa7 Ra8 15. Qxa8 Qxa8 16. Re3 Nfxe4 17. Nxe4 Bxe4 18.
Bf1 Bf6 19. Nb5 Rd8 20. Ra3 Qd5 21. Nc3 Bxc3 22. Rxc3 Qd1 23. b3 Bd3 24. Bb2 Bxf1 25.
Rxd1 Rxd1 26. f4 Bh3+ 27. Kf2 Ne4+ 0-1

[Event "*** Titled Tuesday Blitz"]
[Site "Chess.com"]
[Date "2019.07.02"]
[Round "2"]
[White "timator"]
[Black "vovachesss"]
[Result "1/2-1/2"]
[WhiteElo "2384"]
[BlackElo "2665"]
[TimeControl "180+2"]
[EndTime "13:21:41 PDT"]
[Termination "Game drawn by agreement"]

1. Nf3 d5 2. g3 Nc6 3. Bg2 e5 4. O-O h5 5. d4 e4 6. Ne5 Nxe5 7. dxe5 h4 8. c4 hxg3 9. hxg3 c6 10. Nc3 Be6 11. cxd5 cxd5 12. Qa4+ Bd7 13. Qb3 Bc6 14.
Rd1 Qa5 15. Nxd5 O-O-O 16. Bxe4 Ne7 17. Nxe7+ Bxe7 18. Bxc6 Rxd1+ 19. Qxd1 bxc6 20. Qc2 Qd5 21. e4 Qe6 22. Be3 Qh3 1/2-1/2

[Event "*** Titled Tuesday Blitz"]
[Site "Chess.com"]
[Date "2019.07.02"]
[Round "2"]
[White "Bad4life"]
[Black "ASargsyan1"]
[Result "1-0"]
[WhiteElo "2370"]
[BlackElo "2591"]
[TimeControl "180+2"]
[EndTime "13:21:50 PDT"]
[Termination "Bad4life won by resignation"]

1. e4 c6 2. Nc3 d5 3. Qe2 e6 4. f4 dxe4 5. Nxe4 Nd7 6. Nf3 Ngf6 7. d3 Nxe4 8. dxe4 Bc5 9. Bd2 O-O 10.
O-O-O Qb6 11. e5 Be7 12. Qe1 Qc7 13. h4 a5 14. Ng5 a4 15. Bd3 h6 16. Qe4 f5 17.
exf6 Nxf6 18. Qg6 a3 19. Bc3 axb2+ 20. Kb1 hxg5 21. hxg5 e5 22. gxf6 Rxf6 23. Rh8+ 1-0

[Event "*** Titled Tuesday Blitz"]
[Site "Chess.com"]
[Date "2019.07.02"]
[Round "2"]
[White "csati17"]
[Black "ruzomberok"]
[Result "0-1"]
[WhiteElo "2537"]
[BlackElo "2412"]
[TimeControl "180+2"]
[EndTime "13:21:55 PDT"]
[Termination "ruzomberok won by resignation"]

1. c4 c6 2. d4 d5 3. cxd5 cxd5 4. Nc3 Nf6 5. Bf4 Nc6 6. e3 a6 7. Bd3 Bg4 8. f3 Bh5 9. Nge2 e6 10. O-O Bg6 11. a3 Bxd3 12. Qxd3 Bd6 13. b4 O-O 14.
Rac1 Rc8 15. Na4 Bxf4 16. Nxf4 e5 17. dxe5 Nxe5 18. Qd4 Nc4 19. Nc5 Nxa3 20. Nxb7 Qe7 21. Nc5 Nb5 22. Qd3 Rfe8 23. Rfe1 Qd6 24. Rcd1 Nc7 25.
Ra1 Rb8 26. Qd2 Rb6 27. Rad1 Reb8 28. e4 Rxb4 29. e5 Qxc5+ 30. Kh1 Nd7 31. Rc1 Rc4 32. Rxc4 Qxc4 33. Rc1 Qb4 34. Qe3 Qb3 35. Qa7 Qb7 36. Rxc7 Qxa7 0-1

[Event "*** Titled Tuesday Blitz"]
[Site "Chess.com"]
[Date "2019.07.02"]
[Round "2"]
[White "Khanya_Mazibuko"]
[Black "GremioPrudente"]
[Result "0-1"]
[WhiteElo "2236"]
[BlackElo "2223"]
[TimeControl "180+2"]
[EndTime "13:22:03 PDT"]
[Termination "GremioPrudente won by resignation"]

1. e4 e6 2. d4 d5 3. Nd2 Nf6 4. e5 Nfd7 5. Bd3 c5 6. c3 Nc6 7. Ngf3 Qb6 8. O-O cxd4 9. cxd4 Nxd4 10. Nxd4 Qxd4 11. Nf3 Qb6 12. Qa4 Qb4 13. Qc2 Qc5 14. Qe2 Be7 15. Be3 Qb4 16. Qc2 Nc5 17. a3 Qa4 18. Rac1 Qxc2 19. Bxc2 b6 20. b4 Nd7 21. Ba4 Kd8 22. Rc2 Ba6 23. Rfc1 Rc8 24. Bc6 Bd3 25.
Rc3 Be4 26. Nd4 Nxe5 27. Rb3 Nc4 28. Rxc4 dxc4 0-1

[Event "*** Titled Tuesday Blitz"]
[Site "Chess.com"]
[Date "2019.07.02"]
[Round "2"]
[White "kosya4ok"]
[Black "benhal"]
[Result "1-0"]
[WhiteElo "2763"]
[BlackElo "2373"]
[TimeControl "180+2"]
[EndTime "13:22:08 PDT"]
[Termination "kosya4ok won by resignation"]

1. e4 c5 2. Nf3 e6 3. d4 cxd4 4. Nxd4 Nc6 5. Nc3 Qc7 6. Be3 a6 7. Qd2 b5 8. Nxc6 dxc6 9. f4 e5 10. fxe5 Be6 11. O-O-O Rd8 12. Qxd8+ Qxd8 13. Rxd8+ Kxd8 14. Ne2 Ne7 15. Nf4 Kc7 16. Nxe6+ fxe6 17. Be2 h5 18. Rf1 Ng6 19. Rf7+ Kb8 20. Bb6 Kc8 21. Rc7+ Kb8 22. Rxc6 Kb7 23. Rxe6 Nf4 24. Re8 Nxe2+ 25. Kd1 Nf4 26. Be3 Ng6 27. Re6 Ne7 28. Bg5 Nc6 29. Re8 Kc7 30. e6 Be7 31. Rxh8 Bxg5 32. Rxh5 Bf6 33. Rd5 Bxb2 34. e5 Bxe5 35. e7 Nxe7 36.
Rxe5 Kd6 37. Rg5 g6 38. h4 1-0

[Event "*** Titled Tuesday Blitz"]
[Site "Chess.com"]
[Date "2019.07.02"]
[Round "2"]
[White "m3alam"]
[Black "Zq1"]
[Result "1-0"]
[WhiteElo "2352"]
[BlackElo "2549"]
[TimeControl "180+2"]
[EndTime "13:22:15 PDT"]
[Termination "m3alam won by resignation"]

1. Nf3 Nf6 2. g3 d5 3. Bg2 c6 4.
d4 Bf5 5. Nh4 Be4 6. f3 Bg6 7.
Nxg6 hxg6 8. e4 dxe4 9. fxe4 e5 10. c3 Bd6 11. O-O Qd7 12. Na3 b5 13. Bg5 Na6 14. Nc2 c5 15. Ne3 cxd4 16. Bxf6 gxf6 17. cxd4 exd4 18.
Nd5 Be5 19. Nxf6+ Bxf6 20. Rxf6 Nc5 21. e5 Rc8 22. Rd6 Qe7 23. Qxd4 O-O 24. Bd5 Ne6 25.
Qd3 Qg5 26. h4 Qg4 27. Rf1 Nd4 1-0

[Event "*** Titled Tuesday Blitz"]
[Site "Chess.com"]
[Date "2019.07.02"]
[Round "2"]
[White "DenishevM"]
[Black "Hikaru"]
[Result "0-1"]
[WhiteElo "2611"]
[BlackElo "3151"]
[TimeControl "180+2"]
[EndTime "13:22:17 PDT"]
[Termination "Hikaru won by resignation"]

1. d4 g6 2. Nf3 Bg7 3. Bf4 c5 4. c3 cxd4 5. cxd4 Qb6 6. Qc2 Nc6 7. e3 d6 8. Nc3 Bf5 9. Qd2 Nf6 10. Bc4 Rc8 11. Bb3 O-O 12. O-O Na5 13. Qd1 Nxb3 14. Qxb3 Qxb3 15. axb3 a6 16. Rfc1 Rc6 17. Ne2 Rfc8 18.
Rxc6 Rxc6 19. Rc1 Nd5 20. Bg3 Bc2 21. Nd2 Nb4 22. Nc3 Bf5 23. Nc4 b5 24. Na5 Rc8 25.
Rd1 Nd3 26. Rd2 Nxb2 27. Rxb2 Rxc3 28. Kf1 e5 29. dxe5 dxe5 30. Ke2 Bd3+ 31. Kd2 e4 32. b4 Rc8 0-1

[Event "*** Titled Tuesday Blitz"]
[Site "Chess.com"]
[Date "2019.07.02"]
[Round "2"]
[White "temus_galaktionov"]
[Black "Warre"]
[Result "1-0"]
[WhiteElo "2515"]
[BlackElo "2337"]
[TimeControl "180+2"]
[EndTime "13:22:20 PDT"]
[Termination "temus_galaktionov won by resignation"]

1. d4 Nf6 2. Nf3 d5 3. c4 e6 4. Nc3 Bb4 5. cxd5 exd5 6. Bg5 h6 7. Bxf6 Qxf6 8. e3 c6 9. Bd3 Bf5 10. O-O Bxd3 11. Qxd3 O-O 12. Ne5 Qd8 13. f4 Nd7 14.
Rf3 Nf6 15. g4 Bd6 16. Rg3 Nd7 17. Rf1 Re8 18. Kg2 c5 19. Nxd5 cxd4 20. exd4 Rc8 21. Nc3 Nb6 22. Qf3 Bb4 23. g5 hxg5 24. fxg5 Rc7 25.
Nb5 Rc2+ 26. Kh3 Qc8+ 27. Rg4 Re7 28. Nxf7 Ree2 29. Nh6+ gxh6 30. gxh6+ 1-0

[Event "*** Titled Tuesday Blitz"]
[Site "Chess.com"]
[Date "2019.07.02"]
[Round "2"]
[White "WorldChampionBulletChess"]
[Black "GeorgeTen"]
[Result "0-1"]
[WhiteElo "2124"]
[BlackElo "2273"]
[TimeControl "180+2"]
[EndTime "13:22:20 PDT"]
[Termination "GeorgeTen won by resignation"]

1. e4 c6 2. Ne2 d5 3. exd5 cxd5 4. d4 Nc6 5. Nbc3 Nf6 6. Bf4 Bg4 7. h3 Bh5 8. g4 Bg6 9. Ng3 e6 10. Bb5 Bd6 11.
Be5 O-O 12. h4 Nxe5 13. dxe5 Bxe5 14. h5 Be4 15. Ncxe4 dxe4 16. Qxd8 Rfxd8 17. Ne2 Nxg4 18. c3 Rac8 19. Ba4 Kf8 20. Bc2 f5 21. Rh3 Kf7 22. f3 Ne3 23. Bb3 exf3 24. Rxf3 Nd5 25. O-O-O Kf6 26. h6 g5 27. Re1 g4 28. Rff1 Rd6 29. c4 Ne3 30. Rh1 Nxc4 31. Bxc4 Rxc4+ 32. Kb1 Rd2 33. Nc3 Bxc3 34. bxc3 Rxc3 35. Rc1 Rxc1+ 36.
Rxc1 g3 37. Rc7 g2 38. Rg7 f4 0-1

[Event "*** Titled Tuesday Blitz"]
[Site "Chess.com"]
[Date "2019.07.02"]
[Round "2"]
[White "Keranke"]
[Black "vlad10898"]
[Result "1-0"]
[WhiteElo "2843"]
[BlackElo "2469"]
[TimeControl "180+2"]
[EndTime "13:22:20 PDT"]
[Termination "Keranke won by resignation"]

1. d4 Nf6 2. Nf3 g6 3. c4 Bg7 4.
g3 O-O 5. Bg2 d6 6. O-O Nc6 7.
Nc3 e5 8. dxe5 dxe5 9. Qa4 Bd7 10. Be3 Nd4 11. Qa5 Nc2 12. Nxe5 Nxa1 13. Rxa1 c6 14. Qb4 Re8 15. Nd3 b6 16. c5 b5 17. Rd1 Qc8 18. Qh4 Ng4 19. Bc1 Bf6 20. Bg5 Bxg5 21. Qxg5 Qd8 22. Qf4 Qf6 23. Qc7 Re7 24. Ne4 Qe6 25. Nf4 Qe5 26. Qxe5 Nxe5 27. Nf6+ Kg7 28. Nxd7 Rxd7 29.
Rxd7 Nxd7 30. Bxc6 Rd8 31. b4 a6 32. Bb7 a5 33. c6 axb4 34. c7 1-0